 Dungeon Crawl Stone Soup version 0.21-a0-578-gc6e9d75 (webtiles) character file.

97 EvilYahweh the Shield-Bearer (level 4, -4/41 HPs)
             Began as a Gnoll Fighter on Dec 19, 2017.
             Killed by divine providence
             ... invoked by an orc priest
              (14 damage)
             ... on level 3 of the Dungeon.
             The game lasted 00:07:49 (1626 turns).

EvilYahweh the Shield-Bearer (Gnoll Fighter)        Turns: 1626, Time: 00:07:49

Health: -4/41      AC:  7    Str: 18    XL:     4   Next: 68%
Magic:  5/5        EV:  8    Int: 11    God:
Gold:   141        SH: 10    Dex: 15    Spells: 5/5 levels left

rFire    . . .     SeeInvis .   l - +0 long sword (elec)
rCold    . . .     Gourm    .   c - +0 shield
rNeg     . . .     Faith    .   b - +0 scale mail
rPois    .         Spirit   .   (no helmet)
rElec    .         Reflect  .   (no cloak)
rCorr    .         Harm     .   (no gloves)
MR       .....                  (no boots)
Stlth    ..........             (no amulet)
HPRegen  0.13/turn              (no ring)
MPRegen  0.09/turn              (no ring)

@: no status effects
A: distributed training, fangs 1, strong nose
a: no special abilities


You were on level 3 of the Dungeon.
You were not hungry.

You visited 1 branch of the dungeon, and saw 3 of its levels.

You collected 141 gold pieces.

Inventory:

Hand Weapons
 a - a +0 flail
 l - a +0 long sword of electrocution (weapon)
Armour
 b - a +0 scale mail (worn)
 c - a +0 shield (worn)
Jewellery
 e - a +5 ring of intelligence {unknown}
Scrolls
 h - 2 scrolls of identify {unknown}
 i - a scroll of remove curse {unknown}
 j - 3 scrolls of teleportation {unknown}
 k - a scroll of blinking {unknown}
 m - a scroll of enchant weapon {unknown}
Potions
 d - a potion of might
 g - a potion of berserk rage {unknown}
Comestibles
 f - 4 rations
 n - 2 chunks of flesh


   Skills:
 + Level 6.6 Fighting
 + Level 1.2 Short Blades
 + Level 1.2 Long Blades
 + Level 1.2 Axes
 + Level 4.6 Maces & Flails
 + Level 1.2 Polearms
 + Level 1.2 Staves
 + Level 1.2 Slings
 + Level 1.2 Bows
 + Level 1.2 Crossbows
 + Level 1.2 Throwing
 + Level 6.6 Armour
 + Level 1.2 Dodging
 + Level 1.2 Stealth
 + Level 6.6 Shields
 + Level 1.2 Unarmed Combat
 + Level 1.2 Spellcasting
 + Level 1.0 Conjurations
 + Level 1.0 Hexes
 + Level 1.0 Charms
 + Level 1.0 Summonings
 + Level 1.0 Necromancy
 + Level 1.0 Translocations
 + Level 1.0 Transmutations
 + Level 1.0 Fire Magic
 + Level 1.0 Ice Magic
 + Level 1.0 Air Magic
 + Level 1.0 Earth Magic
 + Level 1.0 Poison Magic
 + Level 1.3 Invocations
 + Level 1.2 Evocations


You had 5 spell levels left.
You didn't know any spells.

Dungeon Overview and Level Annotations

Branches:
Dungeon (3/15)

Altars:

Annotations:
D:3 MostlySquishy's ghost, amateur FoFi


Innate Abilities, Weirdness & Mutations

Your experience applies equally to all skills.
You have very sharp teeth.
Your uncanny sense of smell can sniff out nearby items.


Message History

Your Air Magic skill increases to level 1!
Your Earth Magic skill increases to level 1!
Your Poison Magic skill increases to level 1!
The dart slug launches a dart at you. The slug dart misses you.
An orc and an orc priest come into view.
The orc shouts!
The orc priest shouts!
You block the dart slug's attack.
Items here: )) †† a flail; a club; an orc corpse x2
You hit the dart slug. You bite the dart slug.
The dart slug is severely wounded.
The dart slug launches a dart at you. The slug dart hits you!
* * * LOW HITPOINT WARNING * * *
The orc hits you with a hand axe.
* * * LOW HITPOINT WARNING * * *
The orc priest invokes the aid of Beogh against you.
Beogh smites you!
You die...

#.# #.#
###### #.#
#....# #.#
#....# #.#
#....# #.#
#....# #.#
#....####)##
#....@.oow.#
####.####..#
#<# #..# ###
#..# #..#
#..# ...#
#.#


You could see an orc priest, a dart slug and an orc.

Vanquished Creatures
  An orc priest (D:3)
  An orc wizard (D:3)
  2 dart slugs
  An orc (D:3)
  3 giant cockroaches
  5 goblins
  4 hobgoblins
  3 kobolds
  4 bats
  5 frilled lizards (D:1)
  7 rats
36 creatures vanquished.

Notes
Turn   | Place    | Note
-------+----------+-------------------------------------------
     0 | D:1      | EvilYahweh the Gnoll Fighter began the quest for the Orb.
     0 | D:1      | Reached XP level 1. HP: 23/23 MP: 1/1
   109 | D:1      | Reached XP level 2. HP: 29/29 MP: 2/2
   499 | D:1      | Reached XP level 3. HP: 35/35 MP: 3/3
  1441 | D:3      | Noticed MostlySquishy's ghost (amateur FoFi)
  1593 | D:3      | Reached skill level 1 in Short Blades
  1593 | D:3      | Reached skill level 1 in Long Blades
  1593 | D:3      | Reached skill level 1 in Axes
  1593 | D:3      | Reached skill level 1 in Polearms
  1593 | D:3      | Reached skill level 1 in Staves
  1593 | D:3      | Reached skill level 1 in Slings
  1593 | D:3      | Reached skill level 1 in Bows
  1593 | D:3      | Reached skill level 1 in Crossbows
  1593 | D:3      | Reached skill level 1 in Throwing
  1593 | D:3      | Reached skill level 1 in Dodging
  1593 | D:3      | Reached skill level 1 in Stealth
  1593 | D:3      | Reached skill level 1 in Unarmed Combat
  1593 | D:3      | Reached skill level 1 in Spellcasting
  1593 | D:3      | Reached skill level 1 in Invocations
  1593 | D:3      | Reached skill level 1 in Evocations
  1593 | D:3      | Reached XP level 4. HP: 41/41 MP: 5/5
  1621 | D:3      | Reached skill level 1 in Conjurations
  1621 | D:3      | Reached skill level 1 in Hexes
  1621 | D:3      | Reached skill level 1 in Charms
  1621 | D:3      | Reached skill level 1 in Summonings
  1621 | D:3      | Reached skill level 1 in Necromancy
  1621 | D:3      | Reached skill level 1 in Translocations
  1621 | D:3      | Reached skill level 1 in Transmutations
  1621 | D:3      | Reached skill level 1 in Fire Magic
  1621 | D:3      | Reached skill level 1 in Ice Magic
  1621 | D:3      | Reached skill level 1 in Air Magic
  1621 | D:3      | Reached skill level 1 in Earth Magic
  1621 | D:3      | Reached skill level 1 in Poison Magic
  1626 | D:3      | Killed from afar by an orc priest

Vault maps used:
D:1:      lightli_iron_boxes
D:3:      yredelemnul_forgotten_temple_becter

Skill      XL: |  1  2  3  4 |
---------------+-------------+-----
Short Blades   | 1 |  1.2
Long Blades    | 1 |  1.2
Axes           | 1 |  1.2
Polearms       | 1 |  1.2
Staves         | 1 |  1.2
Slings         | 1 |  1.2
Bows           | 1 |  1.2
Crossbows      | 1 |  1.2
Throwing       | 1 |  1.2
Dodging        | 1 |  1.2
Stealth        | 1 |  1.2
Unarmed Combat | 1 |  1.2
Spellcasting   | 1 |  1.2
Invocations    | 1 |  1.3
Evocations     | 1 |  1.2
Conjurations   | 1 |  1.0
Hexes          | 1 |  1.0
Charms         | 1 |  1.0
Summonings     | 1 |  1.0
Necromancy     | 1 |  1.0
Translocations | 1 |  1.0
Transmutations | 1 |  1.0
Fire Magic     | 1 |  1.0
Ice Magic      | 1 |  1.0
Air Magic      | 1 |  1.0
Earth Magic    | 1 |  1.0
Poison Magic   | 1 |  1.0
Fighting       | |  6.6
Maces & Flails | |  4.6
Armour         | |  6.6
Shields        | |  6.6

Action                   |  1- 3 |  4- 6 || total
-------------------------+-------+-------++-------
Melee: Flail             |    66 |       ||    66
       Bite              |     3 |     1 ||     4
       Long sword        |     5 |     9 ||    14
  Eat: Chunk             |     2 |       ||     2
Armor: Scale mail        |    22 |     2 ||    24
Dodge: Dodged            |    12 |     2 ||    14
Block: Shield            |    39 |     5 ||    44

Table legend:
 A = Spawn XP
 B = Non-spawn XP
 C = Spawn XP percentage of total XP
 D = Spawn monster count
 E = Non-spawn monster count
 F = Spawn count percentage of total count
 G = Total turns spent on level
                    A         B        C        D         E        F      G
               +---------+---------+-------+---------+---------+-------+---------
         Total |       0 |     139 |   0.0 |       0 |      36 |   0.0 |  1626
               +---------+---------+-------+---------+---------+-------+---------
           D:1 |       0 |      39 |   0.0 |       0 |      25 |   0.0 |   742
           D:2 |       0 |      12 |   0.0 |       0 |       6 |   0.0 |   630
           D:3 |       0 |      88 |   0.0 |       0 |       5 |   0.0 |   254
               +---------+---------+-------+---------+---------+-------+---------
